 Dungeon Crawl Stone Soup version 0.31-a0-1570-g93c622d222 (webtiles) character file.

Game seed: 9381092600582202278

104 Flugslaktarn the Apothecary (level 4, -23/27 HPs)
             Began as an Octopode Alchemist on Jan 3, 2024.
             Annihilated by an ogre
             ... wielding a +0 giant club
              (30 damage)
             ... on level 5 of the Dungeon.
             The game lasted 00:01:29 (999 turns).

Flugslaktarn the Apothecary (Octopode Alchemist)     Turns: 999, Time: 00:01:30

Health: -23/27     AC:  1    Str:  7    XL:     4   Next: 80%
Magic:  6/8        EV: 13    Int: 19    God:
Gold:   91         SH:  0    Dex: 12    Spells: 8/9 levels left

rFire   . . .        i - staff of alchemy
rCold   . . .        (no shield)
rNeg    . . .        (helmet restricted)
rPois   +            (no amulet)
rElec   .            (no ring)
rCorr   .            (no ring)
SInv    .            (no ring)
Will    .....        (no ring)
Stlth   +++          (no ring)
HPRegen 0.24/turn    (no ring)
MPRegen 0.11/turn    (no ring)
                     (no ring)

%: no passive effects
@: very slightly contaminated
A: almost no armour, amphibious, 8 rings, camouflage 1, gelatinous body 1,
(nimble swimmer 1), tentacles
a: no special abilities


You were on level 5 of the Dungeon.
You visited 1 branch of the dungeon, and saw 5 of its levels.

You collected 91 gold pieces.

Inventory:

Hand Weapons
 c - a +1 short sword
   (You took it off a kobold on level 1 of the Dungeon)
Magical Staves
 i - a staff of alchemy (weapon)
   (You found it on level 2 of the Dungeon)
Scrolls
 e - a scroll of revelation {unknown}
 g - a scroll of identify {unknown}
 h - a scroll of enchant weapon
 j - a scroll of fog {unknown}
Potions
 a - a potion of magic
 b - a potion of resistance {unknown}
 d - 2 potions of cancellation {unknown}
 k - a potion of haste {unknown}
 q - 2 potions of curing


   Skills:
 - Level 2.0 Dodging
 - Level 2.6 Stealth
 + Level 3.0 Spellcasting
 - Level 1.0 Conjurations
 * Level 5.1 Alchemy


You had 8 spell levels left.
You knew the following spells:

 Your Spells              Type           Power      Damage    Failure   Level
a - Sting                 Conj/Alch      84%        1d8       4%          1

Your spell library contained the following spells:

 Spells                   Type           Power      Damage    Failure   Level
 Mercury Vapours          Alch/Air       38%        N/A       8%          2
 Magic Dart               Conj           24%        1d4       10%         1
 Searing Ray              Conj           12%        2d4       16%         2
 Olgreb's Toxic Radiance  Alch           33%        N/A       19%         4
 Mephitic Cloud           Conj/Alch/Air  16%        N/A       21%         3
 Fulminant Prism          Conj/Alch      10%        3d8       38%         4
 Sticky Flame             Fire/Alch      19%        2d6       45%         4
 Freezing Cloud           Conj/Ice/Air   2%         6-21      98%         5


Dungeon Overview and Level Annotations

Branches:
Dungeon (5/15)
 Temple: D:4-7

Altars:


Innate Abilities, Weirdness & Mutations

You cannot wear most types of armour.
You are amphibious.
You can wear up to eight rings at the same time.
Your skin changes colour to match your surroundings (Stealth+).
Your rubbery body absorbs attacks. (AC +1, EV +1)
((You are camouflaged when in or above water. (Stealth+)))
You have tentacles for arms and can constrict up to eight enemies at once.


Message History

Your Alchemy skill increases to level 5!
Casting: Sting (safe; 4% risk of failure)
Confirm with . or Enter, or press ? or * to list all spells.
Aiming: Sting (safe; 4% risk of failure)
Press: ? - help, Shift-Dir - straight line, f - ball python
Aim: a ball python (asleep, 100% to hit)
You feel a surge of power!
The sting hits the ball python.
The ball python is poisoned.
You kill the ball python!
You pick up a book of Conjurations and begin reading...
You add the spells Magic Dart, Searing Ray and Fulminant Prism to your library.
You now have 87 gold pieces (gained 11).
k - an emerald potion You see here a +0 helmet.
You see here a +0 spear.
A ball python comes into view.
A ball python is nearby!
Casting: Sting (safe; 4% risk of failure)
Confirm with . or Enter, or press ? or * to list all spells.
Aiming: Sting (safe; 4% risk of failure)
Press: ? - help, Shift-Dir - straight line, f - ball python
Aim: a ball python (asleep, 100% to hit)
You feel a surge of power!
The sting hits the ball python.
The ball python is poisoned.
You kill the ball python!
An orc comes into view. It is wielding a +0 falchion.
An orc is nearby!
Casting: Sting (safe; 4% risk of failure)
Confirm with . or Enter, or press ? or * to list all spells.
You can't see any susceptible monsters within range! (Use Z to cast anyway.)
The orc shouts!
Casting: Sting (safe; 4% risk of failure)
Confirm with . or Enter, or press ? or * to list all spells.
Aiming: Sting (safe; 4% risk of failure)
Press: ? - help, Shift-Dir - straight line, f - orc
Aim: an orc, wielding a +0 falchion (76% to hit)
You feel a surge of power!
The sting hits the orc.
The orc is poisoned.
The orc is heavily wounded.
You kill the orc!
Things that are here:
a +0 falchion; an orc corpse
Found a stone staircase leading down.
There is a stone staircase leading down here.
You open the door.
There is an open door here.
Found a helmet.
You see here a +0 helmet.
Found a robe.
Found an escape hatch in the floor.
You see here a +0 robe.
There is an escape hatch in the floor here.
You now have 91 gold pieces (gained 4).
You see here a +0 sling.
Found a robe.
There is a stone staircase leading down here.
You climb downwards.
You hear the sound of rushing water.
There is an entrance to a sewer on this level.
Hurry and find it before the portal rusts away!
There is a stone staircase leading up here.
There are monsters nearby!
There are monsters nearby!
You climb upwards.
There is a stone staircase leading down here.
You see here a +0 sling.
There is an escape hatch in the floor here.
You see here a +0 robe.
There is a stone staircase leading down here.
You climb downwards.
You hear the sound of rushing water.
There is an entrance to a sewer on this level.
Hurry and find it before the portal rusts away!
There is a stone staircase leading up here.
An ogre comes into view. It is wielding a +0 giant spiked club.
Found a stone staircase leading down.
Found a stone staircase leading down.
You hear the slow rusting of a very distant drain.
The ogre attacks as it pursues you! The ogre barely misses you.
Okay, then.
It was a potion of curing.
You feel better.
q - 2 potions of curing
Casting: Sting (safe; 4% risk of failure)
Confirm with . or Enter, or press ? or * to list all spells.
Aiming: Sting (safe; 4% risk of failure)
Press: ? - help, Shift-Dir - straight line, f - ogre
Aim: an ogre, wielding a +0 giant club (89% to hit)
You feel a surge of power!
You miscast Sting.
You are very lightly contaminated with residual magic.
Nothing appears to happen.
The ogre hits you with a +0 giant club!!
Ouch! That really hurt!
* * * LOW HITPOINT WARNING * * *
Casting: Sting (safe; 4% risk of failure)
Confirm with . or Enter, or press ? or * to list all spells.
Aiming: Sting (safe; 4% risk of failure)
Press: ? - help, Shift-Dir - straight line, f/p - ogre
Aim: an ogre, wielding a +0 giant club (89% to hit)
You feel a surge of power!
The sting hits the ogre!
The ogre is poisoned.
The ogre is moderately wounded.
The ogre hits you with a +0 giant club!!
Ouch! That really hurt!
You die...

...##........
#............
#......>.....
##............
............>..
#...#........# .
#...#........##..
........@O.###..O.
#.......##O#......
#........#......##
#....##...........
....###.......##.
.##..##..........
...#...............
.......<.....#..#..
.............######


You could see 2 ogres.

Vanquished Creatures
  2 bombardier beetles (D:4)
  An adder (D:3)
  An orc (D:4)
  A bat (D:2)
  6 endoplasms
  A giant cockroach (D:1)
  A goblin (D:1)
  4 hobgoblins
  5 ball pythons
  2 frilled lizards (D:1)
  4 kobolds
  3 rats (D:1)
31 creatures vanquished.

Notes
Turn   | Place    | Note
-------+----------+-------------------------------------------
     0 | D:1      | Flugslaktarn the Octopode Alchemist began the quest for the
                  | Orb.
     0 | D:1      | Reached XP level 1. HP: 11/11 MP: 3/3
    50 | D:1      | Reached XP level 2. HP: 17/17 MP: 0/5
   131 | D:1      | Reached skill level 4 in Alchemy
   324 | D:2      | Reached XP level 3. HP: 21/21 MP: 4/6
   618 | D:4      | Reached XP level 4. HP: 27/27 MP: 4/8
   687 | D:4      | Reached skill level 5 in Alchemy
   946 | D:5      | Entered Level 5 of the Dungeon
   946 | D:5      | Noticed a phantom
   988 | D:5      | Noticed an ogre
   992 | D:5      | Noticed an ogre
   999 | D:5      | Annihilated by an ogre

Illustrated notes

Levels and vault maps discovered:
D:1:      saegor_arrival_simple_a, layout_basic
D:2:      layout_basic, basic_altar
D:3:      layout_basic, mainiacjoe_overflow_alcove_1, chequers_avenue,
          hangedman_decor_growths, nrook_loot_triangle
D:4:      kennysheep_spiral_hall, layout_basic,
          minmay_temple_entry_gardened_gates, supply_closet_lemuel,
          minivault_27, item_on_display_a
D:5:      layout_cave_pools, gup_sewer_entry_spiral, hangedman_decor_opposing,
          serial_library_hellmonk_long_bookcase,
          amcnicky_altar_lugonu_corruption

Skill      XL: |  1  2  3  4 |
---------------+-------------+-----
Alchemy        | 4 5 |  5.1
Spellcasting   | 3 |  3.0
Dodging        | |  2.0
Stealth        | |  2.6
Conjurations   | |  1.0

Action                     |  1- 3 |  4- 6 || total
---------------------------+-------+-------++-------
  Melee: Short sword       |    22 |       ||    22
         Tentacles         |     6 |       ||     6
         Constrict         |     4 |     1 ||     5
         Staff             |     3 |     1 ||     4
   Cast: Sting             |    25 |     8 ||    33
    Use: Scroll            |       |     1 ||     1
         Potion            |       |     1 ||     1
 Armour: Skin              |    11 |     2 ||    13
  Dodge: Dodged            |    14 |     1 ||    15

Table legend: (Time is in decaauts)
 A = Elapsed time spent in this place.
 B = Non-inter-level travel time spent in this place.
 C = Inter-level travel time spent in this place.
 D = Time resting spent in this place.
 E = Time spent auto-exploring this place.
 F = Levels seen in this place.
 G = Mean time per level.
                   A        B        C        D        E       F      G
               +--------+--------+--------+--------+--------+-----+--------+
         Total |    997 |    904 |     93 |      0 |    624 |   5 |  199.4 |
       Dungeon |    997 |    904 |     93 |      0 |    624 |   5 |  199.4 |
               +--------+--------+--------+--------+--------+-----+--------+

Top non-repeatable levels by time:
     D:4: 425 daAuts
     D:3: 208 daAuts
     D:1: 187 daAuts
     D:2: 164 daAuts
     D:5: 12 daAuts
